Cogmind - Beta 16 @@@ ROGUE MODE // 2026.01.31 @ 14:44:58 Player: delto Result: Destroyed by G-47 Trooper with Particle Gun Performance ------------- Evolutions (2) 1000 Regions Visited (4) 800 Robots Destroyed (55) 275 Value Destroyed (1898) 1898 Prototype IDs (1) 20 Alien Tech Used (0) 0 Bonus (175) 175 TOTAL SCORE: 4168 Bonus ------- High Alert Combat Kills 90 Follower Combat Kills 85 Cogmind --------- Core Integrity 0/550 Matter 295/300 Energy 77/160 System Corruption 0% Temperature Cool (9) Movement Treading (160) Location -8/Materials Parts ------- > --- POWER (1) -------- Light Nuclear Core > --- PROPULSION (3) --- Light Treads Light Treads Light Treads > --- UTILITY (5) ------ Improved Heat Sink Large Storage Unit Visual Processing Unit Signal Interpreter Recalibrator > --- WEAPON (2) ------- Gauss Rifle Katana > --- INVENTORY (15) --- Visual Processing Unit Improved Terrain Scanner Improved Salvage Targeting Computer Improved Salvage Targeting Computer Reaction Control System Reaction Control System Insulated Plating System Shield Peak State ------------ > --- POWER ------------ Light Deuterium Engine > --- PROPULSION ------- Medium Treads Medium Treads Medium Treads > --- UTILITY ---------- Improved Heat Sink Large Storage Unit Visual Processing Unit Signal Interpreter Recalibrator > --- WEAPON ----------- Gauss Rifle Gauss Rifle > --- INVENTORY -------- Visual Processing Unit Improved Terrain Scanner Improved Salvage Targeting Computer Improved Salvage Targeting Computer Reaction Control System Reaction Control System Insulated Plating System Shield Heavy Particle Cannon Gauss Rifle Missile Launcher [Rating: 37] Favorites ----------- Power Ion Engine Engine Ion Engine Power Core Nuclear Core Propulsion Aluminum Leg Treads Light Treads Leg Aluminum Leg Wheel Wheel Utility Large Storage Unit Device Improved Heat Sink Storage Large Storage Unit Processor Signal Interpreter Weapon Small Laser Energy Gun Small Laser Energy Cannon Heavy Particle Cannon Ballistic Gun Improved Assault Rifle Launcher Grenade Launcher Special Weapon Mining Laser Slashing Weapon Katana Build | -11 -10 -10 -9 -8 ------- Run | Yrd Mat Min Mat Mat Slots Evolved 4 | . . . 2 2 Power . | . . . . . Propulsion 1 | . . . 1 . Utility 3 | . . . 1 2 Weapon . | . . . . . Parts Attached 61 | 7 2 3 22 27 Power 10 | 1 . 1 4 4 Engine 7 | 1 . 1 3 2 Core 3 | . . . 1 2 Reactor . | . . . . . Propulsion 21 | 2 . 2 9 8 Treads 8 | 1 . . . 7 Leg 12 | . . 2 9 1 Wheel 1 | 1 . . . . Hover . | . . . . . Flight . | . . . . . Utility 14 | 2 2 . 3 7 Device 7 | 1 . . 2 4 Storage 5 | 1 2 . 1 1 Processor 2 | . . . . 2 Hackware . | . . . . . Protection . | . . . . . Artifact . | . . . . . Weapon 16 | 2 . . 6 8 Energy Gun 3 | 2 . . 1 . Energy Cannon 1 | . . . . 1 Ballistic Gun 6 | . . . 2 4 Ballistic Cannon . | . . . . . Launcher 3 | . . . 2 1 Special Weapon 2 | . . . 1 1 Impact Weapon . | . . . . . Slashing Weapon 1 | . . . . 1 Piercing Weapon . | . . . . . Special Melee Weapon . | . . . . . Unidentified Prototypes 1 | . . . 1 . Parts Lost 33 | . . . 18 15 Power 6 | . . . 3 3 Propulsion 12 | . . . 7 5 Utility 4 | . . . 2 2 Weapon 11 | . . . 6 5 Highest Loss Streak 12 | . . . 6 12 To Critical Strikes . | . . . . . Average Backups 13 | 2 8 13 13 14 Power 1 | . 1 3 1 . Propulsion 2 | 1 2 2 2 3 Utility 6 | . 1 4 6 8 Weapon 1 | . 2 3 2 . Tool/Special . | . . . . . Unused Backups 25 | . . 5 3 17 Power 5 | . . 1 3 1 Propulsion 5 | . . 3 . 2 Utility 15 | . . 1 . 14 Weapon . | . . . . . Tool/Special . | . . . . . Average Slot Usage (%) 98 | . 100 100 97 97 Engine 7 | . 14 14 9 1 Core 3 | . . . . 7 Treads 5 | . 14 10 . 3 Leg 18 | . . 7 32 22 Wheel 4 | . 14 10 . . Device 16 | . 14 14 15 18 Storage 12 | . 14 14 16 9 Processor 8 | . . . . 17 Energy Gun 15 | . 28 28 11 7 Ballistic Gun 4 | . . . 4 8 Peak Build Rating 37 | 9 10 19 23 37 Average Rating 16 | 5 9 11 16 22 On Entrance 10 | . 9 10 19 16 Avg Prop Armor Cover (%) 12 | 14 11 13 . . Naked Turns . | . . . . . Heaviest Build 41 | 14 29 33 36 41 Greatest Support 84 | 20 20 30 40 84 Greatest Overweight (x) 10 | 1 2 2 1 10 Average Overweight (x) . | . 1 1 . . Largest Inventory Capacity 15 | 8 15 15 15 15 Average Capacity 14 | 6 11 15 15 15 Most Carried 15 | 5 12 15 15 15 Average Carried 13 | 2 9 14 13 14 Final Capacity 15 | 8 15 15 15 15 Final Carried 15 | 5 12 15 14 8 Class Distribution -------------------- 38% | Mutant 37% | Skirmisher 21% | Scavenger-Mutant Dominant Class ---------------- Mutant | -10/Materials Mutant | -10/Mines Scavenger-Mutant | -9/Materials Skirmisher | -8/Materials Resources | -11 -10 -10 -9 -8 ----------- Run | Yrd Mat Min Mat Mat Matter Collected 1259 | 230 62 69 326 572 Remotely . | . . . . . Salvage Created 1751 | 19 44 177 636 875 Parts 104 | 3 3 9 41 48 Haulers Intercepted . | . . . . . Recyclers Shooed 1 | . . . 1 . Parts Field Recycled . | . . . . . Retrieved Matter . | . . . . . Parts Self-Destructed . | . . . . . Prevented . | . . . . . Parts Restored . | . . . . . Kills | -11 -10 -10 -9 -8 ------- Run | Yrd Mat Min Mat Mat Combat Hostiles Destroyed 42 | . 1 3 16 22 Melee 1 | . . . . 1 Guns 25 | . 1 3 8 13 Cannons 3 | . . . . 3 AOE 13 | . . . 8 5 Classes Destroyed 11 | 1 2 1 4 3 Worker 2 | . 1 . . 1 Builder 4 | . . . 2 2 Tunneler 2 | 1 . . . 1 Recycler 1 | . . . 1 . Mechanic 1 | . . 1 . . Watcher 3 | . . . 2 1 Swarmer 4 | . . . . 4 Grunt 30 | . 1 3 14 12 Duelist 3 | . . . . 3 Protector 1 | . . . . 1 Sentry 4 | . . . 2 2 Best Kill Streak 17 | 1 2 2 11 17 Combat Bots Only 11 | . 1 2 6 11 Max Kills in Single Turn 4 | 1 1 1 3 4 Gunslinging . | . . . . . Exploded 4 | . . . 3 4 Melee 1 | . . . . 1 Uniques/NPCs Destroyed . | . . . . . Combat | -11 -10 -10 -9 -8 -------- Run | Yrd Mat Min Mat Mat Hostile Shots Fired 393 | . 3 29 179 182 Missed 107 | . . 9 57 41 Hits 286 | . 3 20 122 141 Melee 11 | . . . . 11 Projectile 275 | . 3 20 122 130 Critical Strikes 18 | . . 2 6 10 Damage Taken 4522 | . 47 262 1684 2529 Core 915 | . 10 61 289 555 Absorbed by Shields . | . . . . . Core Remaining (%) 66 | 100 . 71 27 . Volleys Fired 129 | 1 6 14 50 58 Largest 2 | 2 2 2 2 2 Hottest 115 | 90 90 90 100 115 Shots Fired 236 | 2 12 28 91 103 Gun 199 | 2 12 28 72 85 Cannon 12 | . . . . 12 Launcher 23 | . . . 18 5 Special 2 | . . . 1 1 Kinetic 102 | . . . 30 72 Thermal 111 | 2 12 28 43 26 Explosive 23 | . . . 18 5 Electromagnetic . | . . . . . Robot Hit Streak 20 | 1 4 5 11 20 Robot Miss Streak 4 | . 4 1 3 3 Penetration Max 1 | . . . . 1 Secondary Targets 5 | . . . 2 3 Max Gunslinging Chain 1 | . . . 1 1 Shots Hit Robots 163 | 1 5 18 61 78 Core Hits 105 | 1 3 10 44 47 Critical Kills . | . . . . . Critical Parts Destroyed 3 | . . . 1 2 Critical Strikes 7 | . . 2 3 2 Burn 4 | . . 2 2 . Destroy 3 | . . . 1 2 Melee Attacks 1 | . . . . 1 Impact . | . . . . . Slashing 1 | . . . . 1 Piercing . | . . . . . Sneak Attacks . | . . . . . Combat Hostiles . | . . . . . Follow-up Attacks . | . . . . . Damage Inflicted 4344 | 13 61 211 1471 2588 Guns 2415 | 13 61 211 721 1409 Cannons 175 | . . . . 175 Explosions 1722 | . . . 750 972 Melee 32 | . . . . 32 Ramming . | . . . . . Kinetic 1588 | . . . 266 1322 Thermal 1002 | 13 61 211 455 262 Explosive 1722 | . . . 750 972 Electromagnetic . | . . . . . Impact . | . . . . . Slashing 32 | . . . . 32 Piercing . | . . . . . Highest Corruption . | . . . . . Average Corruption . | . . . . . Corruption Purged . | . . . . . Corruption Blocked . | . . . . . Overload Shots . | . . . . . Overflow Damage 61 | . . . 8 53 Projectiles . | . . . . . Explosions 61 | . . . 8 53 Melee . | . . . . . Knockbacks . | . . . . . Impact . | . . . . . Kinetic . | . . . . . Secondary . | . . . . . Self-Inflicted Damage 137 | . . . 39 98 Shots 3 | . . . 1 2 Rammed . | . . . . . Targets Rammed . | . . . . . Kicked . | . . . . . Crushed . | . . . . . Highest Temperature 247 | 30 108 247 11 44 Average Temperature 73 | 17 40 121 6 16 Received Heat Transfer 2259 | . 18 189 819 1233 Siege Activations . | . . . . . Martial Activations . | . . . . . Shielding Activations . | . . . . . Robots Disrupted . | . . . . . Combat Hostiles . | . . . . . Robots Corrupted . | . . . . . Combat Hostiles . | . . . . . Parts Fried 1 | . . 1 . . Impact Corruptions . | . . . . . Robots Melted . | . . . . . Combat Hostiles . | . . . . . Parts Melted 4 | . . 1 3 . Heat Transferred 2772 | 37 161 694 1421 459 Parts Sabotaged . | . . . . . Parts Stolen . | . . . . . Parts Stripped . | . . . . . Power Chain Reactions . | . . . . . Alert | -11 -10 -10 -9 -8 ------- Run | Yrd Mat Min Mat Mat Maximum Alert Level 2 | . . . 1 2 Low Security (%) 89 | 100 100 100 94 79 Level 1 6 | . . . 5 12 Level 2 3 | . . . . 7 Level 3 . | . . . . . Level 4 . | . . . . . Level 5 . | . . . . . High Security . | . . . . . Max Security . | . . . . . Peak Influence 483 | 5 35 77 205 483 Initial 56 | . . . . 56 Average 61 | 1 5 18 112 80 Influence Increases 1492 | 5 35 207 525 720 Destroy 0b10 Robot/C 880 | . 20 120 320 420 Destroy 0b10 Robot/NC 70 | 5 5 5 25 30 Destroy Leader 176 | . 10 30 64 72 Allied During Kill 7 | . . 7 . . Trap Triggered on 0b10 30 | . . 30 . . Disable Machine 60 | . . . 45 15 Anti-Garrison Action 150 | . . . . 150 Destroy Structure 74 | . . . 56 18 Lose Combat Pursuer 45 | . . 15 15 15 Influence Decreases 1019 | 5 35 207 391 381 Entered New Map 78 | . . . . 78 Time Decay 601 | 5 35 187 221 153 Lost Part 320 | . . . 170 150 Lost Ally 20 | . . 20 . . Squads Dispatched 6 | . 1 1 1 3 Investigation . | . . . . . Extermination . | . . . . . Reinforcement 3 | . 1 . 1 1 Assault 3 | . . 1 . 2 Garrison . | . . . . . Intercept . | . . . . . Searches Triggered . | . . . . . Construction Impeded 1 | . . . . 1 Haulers Reinforced . | . . . . . Active Scanning Responses . | . . . . . Cargo Convoy Interrupts . | . . . . . Stealth | -11 -10 -10 -9 -8 --------- Run | Yrd Mat Min Mat Mat Distress Signals 3 | . . . . 3 Communications Jammed . | . . . . . Distress Signals . | . . . . . Times Spotted 64 | . 2 8 24 30 Peak Tracking Total 9 | . 1 3 9 8 Tactical Retreats 3 | . . 1 1 1 Traps | -11 -10 -10 -9 -8 ------- Run | Yrd Mat Min Mat Mat Traps Triggered 2 | . 1 . 1 . Indirectly . | . . . . . Trap Hack Attempts . | . . . . . Triggered . | . . . . . Disarmed . | . . . . . Reprogrammed . | . . . . . Reused 3 | . . 3 . . Traps Extracted . | . . . . . Installed 5 | . . 5 . . Triggered 3 | . . 3 . . Most Traps Carried 1 | . . 1 . . Machines | -11 -10 -10 -9 -8 ---------- Run | Yrd Mat Min Mat Mat Machines Disabled 5 | . . . 3 2 Max in Single Turn 1 | . . . 1 1 Garrison Access 1 | . . . . 1 Machines Repaired . | . . . . . Machines Dismantled . | . . . . . Machines Sabotaged . | . . . . . Overloaded Fab Kills . | . . . . . Hacking | -11 -10 -10 -9 -8 --------- Run | Yrd Mat Min Mat Mat Machines Accessed 5 | . 3 . . 2 Terminals 4 | . 3 . . 1 Fabricators . | . . . . . Repair Stations . | . . . . . Recycling Units . | . . . . . Scanalyzers 1 | . . . . 1 Garrison Access . | . . . . . Total Hacks 5 | . 3 . . 2 Successful 1 | . . . . 1 Failed 4 | . 3 . . 1 Catastrophic . | . . . . . Database Lockouts . | . . . . . Manual 4 | . 3 . . 1 Terminals 4 | . 3 . . 1 Fabricators . | . . . . . Repair Stations . | . . . . . Recycling Units . | . . . . . Scanalyzers 1 | . . . . 1 Garrison Access . | . . . . . Terminal Hacks . | . . . . . Fabricator Hacks . | . . . . . Repair Station Hacks . | . . . . . Recycling Unit Hacks . | . . . . . Scanalyzer 1 | . . . . 1 Retrieve Study 1 | . . . . 1 Garrison Access Hacks . | . . . . . Unauthorized Hacks . | . . . . . Terminals . | . . . . . Fabricators . | . . . . . Repair Stations . | . . . . . Recycling Units . | . . . . . Scanalyzers . | . . . . . Garrison Access . | . . . . . Data Cores Recovered . | . . . . . Used . | . . . . . Hacking Detections 4 | . 3 . . 1 Full Trace Events . | . . . . . Feedback Events . | . . . . . Feedback Blocked . | . . . . . Robot Schematics Acquired . | . . . . . Robots Built . | . . . . . Authchips . | . . . . . Time . | . . . . . Total Robot Build Rating . | . . . . . Part Schematics Acquired . | . . . . . Parts Built . | . . . . . Authchips . | . . . . . Time . | . . . . . Total Part Build Rating . | . . . . . Part Studies Acquired 1 | . . . . 1 Parts Repaired . | . . . . . Time . | . . . . . Parts Recycled . | . . . . . Recycled Matter . | . . . . . Retrieved Matter . | . . . . . Retrieved Components . | . . . . . Parts Scanalyzed . | . . . . . Part Schematics Acquired . | . . . . . Parts Damaged . | . . . . . Bothacking | -11 -10 -10 -9 -8 ------------ Run | Yrd Mat Min Mat Mat Used RIF Installer . | . . . . . Robots Hacked . | . . . . . Non-combat . | . . . . . Combat . | . . . . . Robot Hacks Applied . | . . . . . Relay Couplers Released 2 | . . . . 2 Machine Destruction 2 | . . . . 2 Fabnet Peak Effective % . | . . . . . Robots Rewired . | . . . . . Allies Hacked . | . . . . . Hacks Repelled . | . . . . . Allies | -11 -10 -10 -9 -8 -------- Run | Yrd Mat Min Mat Mat Total Allies 1 | . . 1 . . Largest Group 1 | . . 1 . . Highest-Rated Group 31 | . . 31 . . Highest-Rated Ally 31 | . . 31 . . Total Orders . | . . . . . Ally Attacks 9 | . . 9 . . Total Damage 194 | . . 194 . . Kills 3 | . . 3 . . Allies Corrupted . | . . . . . Allies Melted . | . . . . . Intel | -11 -10 -10 -9 -8 ------- Run | Yrd Mat Min Mat Mat Active Infowar (turns) 2728 | 27 251 826 235 1389 Optics 1341 | . . . . 1341 Sensors 1281 | . . . . 1281 Terrain 1339 | 27 251 826 235 . Robot Analysis Total . | . . . . . Derelict Logs Recovered 1 | . . 1 . . Drone Launches . | . . . . . Drone Recoveries . | . . . . . Exploration | -11 -10 -10 -9 -8 ------------- Run | Yrd Mat Min Mat Mat Turns Passed 3064 | 73 251 826 525 1389 Spaces Moved 1693 | 59 185 651 253 545 Core 7 | 4 . . . 3 Treads 83 | 4 37 . . 42 Legs 887 | . . 134 253 500 Wheels 716 | 51 148 517 . . Hover . | . . . . . Flight . | . . . . . Fastest Speed 50 | 50 95 110 120 110 Average Speed 122 | 93 120 115 128 132 Slowest Speed 550 | 160 240 190 190 550 Overloaded Moves . | . . . . . Propulsion Burnouts . | . . . . . Robots Hopped . | . . . . . Potential Cave-ins . | . . . . . Cave-ins Triggered . | . . . . . Exploration Rate (%) 33 | 4 34 68 39 22 Regions Visited 4 Branch Regions 1 Pre-discovered Areas . | . . . . . Known Exits Taken . | . . . . . Unknown Exits Taken 4 | 1 1 1 1 . Scrap Searched 1 | . . 1 . . Spaces Dug . | . . . . . Terrain Destroyed 72 | . . . 53 19 Melee . | . . . . . Projectile 2 | . . . . 2 AOE 70 | . . . 53 17 Terrain Rammed . | . . . . . Walls Destroyed . | . . . . . Machines Disabled . | . . . . . Actions | -11 -10 -10 -9 -8 --------- Run | Yrd Mat Min Mat Mat Total 2443 | 71 201 702 358 1111 Wait 444 | . . 3 8 433 Move 1689 | 58 184 650 252 545 Hop . | . . . . . Pick Up 62 | 5 7 13 19 18 Fast Attach 23 | 7 . 2 3 11 Attach 30 | . . . 18 12 Detach 7 | . . 1 . 6 Swap 14 | . 2 1 4 7 Drop 39 | . 2 13 4 20 Fire 129 | 1 6 14 50 58 Melee 1 | . . . . 1 Ram . | . . . . . Kick . | . . . . . Crush . | . . . . . Escape Stasis . | . . . . . Rewire . | . . . . . Trap 5 | . . 5 . . Miscellaneous . | . . . . . Route ------- -11/Scrapyard -10/Materials -10/Mines -9/Materials -8/Materials History --------- Turn | Location | Event 4 | -11/Scrapyard | Discovered new exit (range 15) 74 | -11/Scrapyard | Entered Materials 273 | -10/Materials | Discovered new exit (range 16) 310 | -10/Materials | Build established: Mutant 325 | -10/Materials | Entered Mines 424 | -10/Mines | Met a Derelict testing a Signal Generator 477 | -10/Mines | Found a hidden stash of uninstalled traps 480 | -10/Mines | YI-UF0 nonchalantly dropped a Grenade Launcher on the ground 1057 | -10/Mines | Discovered new exit (range 14) 1151 | -10/Mines | Entered Materials 1151 | -9/Materials | Evolved 2 slots: Propulsion x1, Utility x1 1378 | -9/Materials | Lost 4 parts (2p2n) 1423 | -9/Materials | Build established: Scavenger-Mutant 1423 | -9/Materials | Lost 6 parts (1p2n1u2w) 1524 | -9/Materials | Core integrity fell below 50% 1654 | -9/Materials | Lost 4 parts (2n2w) 1669 | -9/Materials | Discovered new exit (range 5) 1676 | -9/Materials | Entered another Materials area 1676 | -8/Materials | Evolved 2 slots: Utility x2 2097 | -8/Materials | Build established: Skirmisher 2964 | -8/Materials | Core integrity fell below 50% 2992 | -8/Materials | Core integrity fell below 20% 2996 | -8/Materials | Destroyed 11 combat bots 3024 | -8/Materials | Lost 12 parts (2p4n1u5w) 3065 | -8/Materials | Destroyed by G-47 Trooper with Particle Gun Last Messages --------------- 03028_ Acquired Lgt. Angular Momentum Engine. 03030_ W-25 Informer sends out distress signal. 03032_ M-28 Smith repairs U-05 Engineer. 03033_ U-05 Engineer lays Concrete. 03034_ Acquired Lgt. Nuclear Core. 03035_ U-05 Engineer lays Concrete. 03035_ Acquired 10 matter. 03036_ U-05 Engineer lays Concrete. 03038_ U-05 Engineer builds a Wall. 03045_ Acquired Lgt. Treads. 03051_ Acquired 20 matter. 03054_ Acquired Katana. 03056_ Acquired 10 matter. 03057_ G-47 Trooper destroyed. 03060_ Slug penetrates G-47 Trooper. 03061_ Acquired 4 matter. 03062_ Slug penetrates G-47 Trooper. 03063_ Acquired 4 matter. 03063_ Lgt. Angular Momentum Engine destroyed. 03065_ Acquired 5 matter. Map ----- +----------------------------------------------------+ | ?????????????????????????????????????????????????? | | ?????????????????????????????????????????????????? | | ?????????????????????????????????????????????????? | | ?????????????????????????????????????????????????? | | ?????????????????????????????????????????????????? | | ?????????????????????????????????????????????????? | | ???????????????????? ??????????????????????????? | | ???????????????????? ??????????????????????????? | | ???????????????????? #?????????????????????????? | | ???????????????????# #?????????????????????????? | | ???????????????????# #?????????????????????????? | | ???????????????????# #?????????????????????????? | | ???????????????????+ +?????????????????????????? | | ???????????????????# #?????????????????????????? | | ???????????????????# #?????????????????????????? | | ???????????????????# #?????????????????????????? | | ???????????????????# #?????????????????????????? | | ???????????????????# #?????????????????????????? | | ???????????????????# #?????????????????????????? | | ?????????########??# #?????????????????????????? | | ?????????#= [ !#??# ###########???????????????? | | ?????????#= [ =!#??# # [ #???????????????? | | ?????????#=== #### [ + #???????????????? | | ?????????#### #### =#[= [!! #???????????????? | | ????????????# [ #m!* !! #???????????????? | | ????????????# = !%=#!@%! !! ##??????????????? | | ?????######## *=%%#g"!" #??????????????? | | ?????# # "G"[%#["R" ##??????????????? | | ?????# # " # """ #???????????????? | | ?????# ! # = =# #########???????????????? | | ?????# / !# [= #???????????????????????? | | ?????# !! + ###???????????????????????? | | ?????# # """ ##????????????????????????? | | ?????######## ""%" ######????????????????????? | | ???????????# ??????????????????? | | ???????????# ########??????????????????? | | ???????????# ## #??????????????????? | | ???????????# ## #??????????????????? | | ???????????# ## #??????????????????? | | ???????????###+##### ## #??????????????????? | | ???????????# # # #??????????????????? | | ???????????# # #| #??????????????????? | | ???????????# "S # + #??????????????????? | | ???????????# """ # # #??????????????????? | | ???????????# ""! # ! # #??????????????????? | | ???????????# ## ## =!! #??????????????????? | | ???????????######### ## =!! #??????????????????? | | ???????????????????#=* ## =!! #??????????????????? | | ???????????????????# ########??????????????????? | | ?????????########### ! #?????????????????????????? | +----------------------------------------------------+ Best States ------------- Heat Dissipation 45 Energy Generation 18 Energy Capacity 265 Matter Stores 314 Matter Capacity 400 Sight Range 18 Robot Scan Range 14 Terrain Scan Range 16 Terrain Scan Density 10 Evasion (%) 55 Recoil Reduction 3 Item Schematics ----------------- None Robot Schematics ------------------ None Fabricated ------------ Nothing Repaired ---------- Nothing Studied --------- Aluminum Leg | -8/Materials | Hacked Alien Tech Used ----------------- None Achievements -------------- None Challenges ------------ None Game ------ Seed ThunderTractorShotgun Manual? 0 Play Time 00:33:11 Cumulative 102.8 hours Start 2026.01.30 @ 18:46:19 End 2026.01.31 @ 14:44:58 Sessions 3 Manual Loads 0 Difficulty Rogue Special Mode None Game No. 134 Rogue 134 Adventurer 0 Explorer 0 Win Type - Total 1 Types 1/0/0/0/0/0/0/0/0/0 Lore% 24 Gallery% 44 Achievement% 29 Wizard Run 0 Options --------- Layout 0 ASCII 0 Keyboard 0 Movement Mouse Keybinds 0 Fullscreen 1 Font 24/Smallcaps Map View 76x50 Zoom Use 0% Tactical HUD 1 Map Filters NONE Filters NONE Steam 1 RUN: 9b99c8e5-18c2-4839-9836-eba26fc0ee34